 Seeded DCSS version 0.29.1-13-g9f3cf754e1 (webtiles) character file.

Game seed: 18334199546629406935 (custom seed)

73 mathmaestro the Grave Robber (level 4, -3/32 HPs)
             Began as a Demonspawn Necromancer on Jan 22, 2023.
             Slain by an ogre
             ... wielding a +0 giant club
              (10 damage)
             ... on level 4 of the Dungeon.
             The game lasted 00:03:50 (1828 turns).

mathmaestro the Grave Robber (DsNe)                 Turns: 1828, Time: 00:03:50

Health: -3/32      AC: 11    Str: 14    XL:     4   Next: 8%
Magic:  7/7        EV: 12    Int: 18    God:
Gold:   85         SH:  0    Dex: 14    Spells: 7/8 levels left

rFire   . . .      SeeInvis .   q - +4 flail (protect)
rCold   . . .      Faith    .   (no shield)
rNeg    . . .      Spirit   .   a - +0 robe
rPois   .          Reflect  .   (helmet restricted)
rElec   .          Harm     .   (no cloak)
rCorr   .          Rampage  .   l - +0 pair of gloves
Will    .....                   (no boots)
Stlth   ++........              (no amulet)
HPRegen 0.10/turn               g - +6 ring of strength
MPRegen 0.10/turn               n - ring of flight

@: under a protective aura, flying
A: antennae 1, rugged brown scales 1
a: no special abilities


You were on level 4 of the Dungeon.
You visited 1 branch of the dungeon, and saw 3 of its levels.

You collected 85 gold pieces.

Inventory:

Hand Weapons
 q - a +4 flail of protection (weapon)
Missiles
 j - 4 javelins
Armour
 a - a +0 robe (worn)
 l - a +0 pair of gloves (worn)
Jewellery
 g - a +6 ring of strength (left hand)
 n - a ring of flight (right hand)
Scrolls
 e - 2 scrolls of identify
 f - 2 scrolls of immolation
 k - a scroll of teleportation
 m - a scroll of blinking {unknown}
 o - a scroll of magic mapping {unknown}
 r - a scroll of poison {unknown}
 s - a scroll of fog
Potions
 b - a potion of magic
 c - a potion of curing {unknown}
 d - 2 potions of attraction {unknown}
 h - 2 potions of haste {unknown}
 i - 2 potions of might {unknown}
 p - a potion of flight {unknown}


   Skills:
 + Level 1.4 Fighting
 + Level 2.3 Dodging
 + Level 2.4 Stealth
 + Level 2.5 Spellcasting
 + Level 4.8 Necromancy


You had 7 spell levels left.
You knew the following spells:

 Your Spells              Type           Power      Damage    Failure   Level
a - Necrotise             Necr           76%        1d7       2%          1

Your spell library contained the following spells:

 Spells                   Type           Power      Damage    Failure   Level
 Vampiric Draining        Necr           19%        2d7       7%          3
 Slow                     Hex            8%         N/A       17%         1
 Animate Dead             Necr           19%        N/A       24%         4
 Confusing Touch          Hex            2%         N/A       45%         3
 Agony                    Necr           19%        N/A       54%         5


Dungeon Overview and Level Annotations

Branches:
Dungeon (2/15)

Altars:

Annotations:
D:4 1 runed translucent door


Innate Abilities, Weirdness & Mutations

You have a pair of small antennae on your head.
You are partially covered in rugged brown scales. (AC +1, +3% HP)


Message History

There is an open door here.
A ball python comes into view.
The ball python hisses angrily.
The ball python closely misses you. The ball python misses you.
You hit the ball python.
Your weapon exudes an aura of protection.
You kill the ball python!
There is an open door here.
You reach down and open the door.
There is an open door here.
Found a runed translucent door.
Found a scroll labelled WAJ WINYLAODI.
s - 2 scrolls labelled WAJ WINYLAODI (gained 1)
As you read the scroll labelled WAJ WINYLAODI, it crumbles to dust.
The scroll dissolves into smoke.
It was a scroll of fog.
You sense a monster nearby.
An ogre comes into view. It is wielding a +0 giant club.
The ogre shouts!
The ogre attacks as you move away! The ogre completely misses you.
You sock the ogre!
Your weapon exudes an aura of protection.
The ogre is moderately wounded.
The ogre barely misses you.
You thump the ogre!
The ogre is severely wounded.
The ogre hits you with a +0 giant club!!
Ouch! That really hurt!
Casting: Necrotise (safe; 2% risk of failure)
Confirm with . or Enter, or press ? or * to list all spells.
You don't know that spell.
Unknown command.
You barely miss the ogre.
The ogre is severely wounded.
The ogre hits you with a +0 giant club.
* * * LOW HITPOINT WARNING * * *
Okay, then.
You hit the ogre.
The ogre is almost dead.
The ogre hits you with a +0 giant club!
You die...

##.........#........#
##.......##.#.##....###
......................+
##...##.###.#.##....###
#......# #.#.##§§..#
##.#.#### #.#.##§#§.#
.#.#.# #.#.§§§§§.#
###### #.####§#### +S
..# #@# ## ### #O# #.#
#.# #........ #..######
#..# #.$. ##.##


You could see an ogre.

Vanquished Creatures
  4 gnolls
  5 endoplasms
  A giant cockroach (D:1)
  A goblin (D:4)
  3 hobgoblins
  2 quokkas
  6 ball pythons
  4 bats
  3 kobolds (D:1)
  6 rats
35 creatures vanquished.

Vanquished Creatures (collateral kills)
  2 rats (D:2)
2 creatures vanquished.

Grand Total: 37 creatures vanquished

Notes
Turn   | Place    | Note
-------+----------+-------------------------------------------
     0 | D:1      | mathmaestro the Demonspawn Necromancer began the quest for
                  | the Orb.
     0 | D:1      | Reached XP level 1. HP: 13/13 MP: 3/3
   456 | D:1      | Gained mutation: You are partially covered in rugged brown
                  | scales. (AC +1, +3% HP) [demonic ancestry]
   456 | D:1      | Reached XP level 2. HP: 14/20 MP: 1/5
  1353 | D:2      | Reached skill level 1 in Fighting
  1365 | D:2      | Reached XP level 3. HP: 25/26 MP: 2/6
  1617 | D:2      | Gained mutation: You have a pair of small antennae on your
                  | head. [demonic ancestry]
  1617 | D:2      | Reached XP level 4. HP: 28/32 MP: 0/7
  1704 | D:2      | You are sucked into a shaft and drop 2 floors!
  1797 | D:4      | Found a runed translucent door.
  1821 | D:4      | Noticed an ogre
  1828 | D:4      | Slain by an ogre

Illustrated notes

Levels and vault maps discovered:
D:1:      shiori_shiawase, layout_loops_ring, st_stairs_7
D:2:      layout_basic, minmay_large_rounded_square
D:4:      layout_loops_corners, kiku_gazebo_garden_becter, ebering_ghost_sewer_d

Skill      XL: |  1  2 |
---------------+-------+-----
Stealth        | 2 |  2.4
Dodging        | 2 |  2.3
Fighting       | 1 |  1.4
Spellcasting   | |  2.5
Necromancy     | |  4.8

Action                   |  1- 3 |  4- 6 || total
-------------------------+-------+-------++-------
Melee: Whip              |    14 |       ||    14
       Punch             |     2 |       ||     2
       Flail             |     3 |     8 ||    11
 Cast: Necrotise         |    47 |       ||    47
  Use: Scroll            |       |     3 ||     3
 Stab: Sleeping          |     1 |     1 ||     2
Armor: Robe              |    11 |     2 ||    13
Dodge: Dodged            |    13 |     4 ||    17
